 Dungeon Crawl Stone Soup version 0.32-a0-350-g4f4d228785 (webtiles) character file.

Game seed: 3378940426694256899

8073 jasper the Carver (level 11, -2/89 HPs)
             Began as a Gnoll Cinder Acolyte on Feb 17, 2024.
             Was a Believer of Ignis.
             Slain by a yak (6 damage)
             ... on level 10 of the Dungeon.
             The game lasted 00:16:08 (13807 turns).

jasper the Carver (Gnoll Cinder Acolyte)           Turns: 13807, Time: 00:16:09

Health: -2/89      AC: 17    Str: 14    XL:     11   Next: 25%
Magic:  3/21       EV: 12    Int: 17    God:    Ignis [**....]
Gold:   281        SH:  0    Dex:  8    Spells: 17/24 levels left

rFire   + + .        a - -1 falchion (flame)
rCold   + . .        (no shield)
rNeg    . . .        t - +0 ring mail
rPois   +            T - +0 helmet
rElec   +            x - +1 cloak
rCorr   +            (no gloves)
SInv    .            (no boots)
Will    .....        f - amulet of regeneration
Stlth   ++           Q - ring "Caobb" {Fly rPois rCorr}
HPRegen 1.14/turn    H - ring of wizardry
MPRegen 0.17/turn

%: wizardry (x1)
@: lethally poisoned (-2 -> -4), resistant, fiery-armoured, flying
A: fangs 1, strong nose, distributed training
a: Renounce Religion, Fiery Armour, Foxfire Swarm, Rising Flame


You were on level 10 of the Dungeon.
You worshipped Ignis.
Ignis was pleased with you.
You visited 1 branch of the dungeon, and saw 10 of its levels.
You also visited: Ossuary.

You collected 281 gold pieces.

Inventory:

Hand Weapons
 a - a -1 falchion of flaming (weapon)
 o - a +1 halberd of protection
 u - a +0 rapier
 w - a +3 quarterstaff of chaos
 E - a +0 trident of venom
 J - a +2 battleaxe of venom
 V - the +0 flail "Jiareru" {flame, ^Contam rN+ rCorr Dex+7}
   (You found it on level 8 of the Dungeon)

   Dex+7:     It affects your dexterity (+7).
   rN+:       It protects you from negative energy.
   ^Contam:   It causes magical contamination when unequipped.
   rCorr:     It protects you from acid and corrosion.
 W - a +4 flail of freezing
Missiles
 c - 23 poisoned darts
 e - 38 stones
 p - 4 throwing nets
Armour
 b - a +0 robe
 d - a +0 leather armour
 t - a +0 ring mail (worn)
 v - a +0 leather armour of poison resistance
 x - a +1 cloak (worn)
 R - a scarf of invisibility
 S - a scarf of harm
 T - a +0 helmet (worn)
Jewellery
 f - an amulet of regeneration (around neck)
 i - an amulet of guardian spirit
 s - a ring of resist corrosion
 z - a ring of ice
 A - a ring of positive energy
 C - an amulet of the acrobat
 H - a ring of wizardry (right hand)
 Q - the ring "Caobb" (left hand) {Fly rPois rCorr}
   (You found it on level 8 of the Dungeon)

   [ring of flight]

   rPois:     It protects you from poison Fly: It grants you flight.
   rCorr:     It protects you from acid and corrosion.
 X - an amulet of reflection
 Y - a +5 ring of evasion
Wands
 D - a wand of paralysis (18)
Scrolls
 k - 4 scrolls of fear
 n - 3 scrolls of blinking
 y - 4 scrolls of teleportation
 G - a scroll of torment
 K - a scroll of poison
 M - 2 scrolls of fog
 N - a scroll of silence
 O - a scroll of enchant armour
 U - a scroll of revelation
Potions
 h - a potion of resistance
 j - 2 potions of haste
 l - 3 potions of might
 m - 7 potions of ambrosia
 q - 2 potions of degeneration
 r - a potion of attraction
 B - 5 potions of brilliance
 F - a potion of mutation {unknown}
 I - 2 potions of cancellation {unknown}
 L - a potion of berserk rage {unknown}
 P - a potion of invisibility {unknown}


   Skills:
 + Level 9.2 Fighting
 + Level 6.3 Short Blades
 + Level 9.2 Long Blades
 + Level 6.3 Axes
 + Level 6.3 Maces & Flails
 + Level 6.3 Polearms
 + Level 6.3 Staves
 + Level 6.3 Ranged Weapons
 + Level 6.3 Throwing
 + Level 6.3 Armour
 + Level 6.3 Dodging
 + Level 6.3 Stealth
 + Level 6.3 Shields
 + Level 6.3 Unarmed Combat
 + Level 7.0 Spellcasting
 + Level 5.2 Conjurations
 + Level 5.2 Hexes
 + Level 5.2 Summonings
 + Level 5.2 Necromancy
 + Level 5.2 Translocations
 + Level 7.7 Fire Magic
 + Level 5.2 Ice Magic
 + Level 5.2 Air Magic
 + Level 5.2 Earth Magic
 + Level 5.2 Alchemy
 + Level 7.0 Invocations
 + Level 6.3 Evocations
 + Level 5.8 Shapeshifting


You had 17 spell levels left.
You knew the following spells:

 Your Spells              Type           Power      Damage    Failure   Level
a - Scorch                Fire           64%        2d7       1%          2
b - Summon Mana Viper     Hex/Summ       23%        N/A       26%         5

Your spell library contained the following spells:

 Spells                   Type           Power      Damage    Failure   Level
 Ensorcelled Hibernation  Hex/Ice        46%        N/A       1%          2
 Confusing Touch          Hex            23%        N/A       3%          3
 Frozen Ramparts          Ice            46%        1d7       3%          3
 Gell's Gravitas          Tloc           23%        N/A       3%          3
 Sigil of Binding         Hex            23%        N/A       3%          3
 Teleport Other           Tloc           23%        N/A       3%          3
 Summon Blazeheart Golem  Fire/Summ      28%        N/A       6%          4
 Leda's Liquefaction      Alch/Erth      11%        N/A       10%         4
 Petrify                  Alch/Erth      23%        N/A       10%         4
 Metabolic Englaciation   Hex/Ice        11%        N/A       26%         5
 Dispersal                Tloc           11%        N/A       80%         6
 Malign Gateway           Summ/Tloc      11%        N/A       100%        7
 Orb of Destruction       Conj           11%        9d6       100%        7
 Spellforged Servitor     Conj/Summ      11%        N/A       100%        7
 Summon Horrible Things   Summ           11%        N/A       100%        8


Dungeon Overview and Level Annotations

Branches:
Dungeon (10/15)            Temple (0/1) D:7         Ossuary (visited)
   Lair: D:8-11         Orc: D:9-12

Altars:
Ashenzari
Cheibriados
Elyvilon
Hepliaklqana
Kikubaaqudgha
Okawaru
Qazlal
Ru
Sif Muna
Xom
Yredelemnul
Zin


Innate Abilities, Weirdness & Mutations

You have very sharp teeth.
Your uncanny sense of smell can sniff out nearby items.
Your experience applies equally to all skills.


Message History

The killer bee misses you.
You hit the killer bee. You burn the killer bee.
The killer bee is severely wounded.
The killer bee closely misses you.
You slash the killer bee! You burn the killer bee.
You kill the killer bee!
The killer bee is no longer more vulnerable to fire.
The killer bee stings you but does no damage.
The killer bee is burned by your cloak of flames.
The killer bee is almost dead.
You hit the killer bee but do no damage.
The killer bee is almost dead.
The killer bee is no longer more vulnerable to fire.
The killer bee completely misses you.
The killer bee stings you but does no damage.
The killer bee is burned by your cloak of flames.
The killer bee is almost dead.
You hit the killer bee. You burn the killer bee.
You kill the killer bee!
The killer bee closely misses you.
You hit the killer bee. You burn the killer bee.
Your bite misses the killer bee.
The killer bee is almost dead.
The killer bee barely misses you.
You barely miss the killer bee. Your bite misses the killer bee.
The killer bee is almost dead.
The killer bee stings you!
* * * LOW HITPOINT WARNING * * *
You are poisoned.
The killer bee poisons you!
The killer bee is burned by your cloak of flames.
You kill the killer bee!
Your Invocations skill increases to level 7!
You barely miss the yak. You bite the yak, but do no damage.
You feel sick. The yak completely misses you.
You hit the yak. You burn the yak.
The yak is lightly wounded.
You feel sick. The yak gores you.
You die...
Ignis goes out, and joins you in death.

Sā‰ˆ.#. ~..#Y####
~........ ...Y....#
......... ā‰ˆ
~....Y..#######
~................
..~..####.###########
..........yyY@.......
.....####.###########
........#.######
#<.......# #........#
+.......## #.......#
#.......# #.......#


You could see a yak and 2 killer bees.

Vanquished Creatures
  Pikel (D:5)
  2 trolls
  A queen bee (D:9)
  2 hornets
  Sigmund (D:6)
  5 yaks (D:10)
  Eustachio (D:4)
  2 steam dragons (D:6)
  A water moccasin (D:5)
  An ice beast (D:7)
  An orc warrior (D:8)
  A sky beast (D:6)
  A black bear (D:5)
  2 ogres
  A wolf (D:8)
  A centaur (D:9)
  A kobold brigand (D:6)
  A lemure (D:5)
  2 bullfrogs
  3 gnoll sergeants
  5 scorpions
  8 wights
  27 killer bees
  2 howler monkeys (D:6)
  2 electric eels (D:8)
  5 bullfrog zombies (Ossuary)
  5 bombardier beetles
  6 hounds
  Crazy Yiuf (D:4)
  6 orc priests
  A gnoll bouda (D:2)
  4 jellies
  A wyvern simulacrum (D:8)
  6 mummies (Ossuary)
  5 iguanas
  8 orc wizards
  A killer bee zombie (Ossuary)
  3 crocodile zombies (Ossuary)
  5 hound zombies (Ossuary)
  2 howler monkey zombies (Ossuary)
  19 gnolls
  5 adders
  3 white imps
  A howler monkey simulacrum (D:8)
  An ufetubus (D:6)
  3 ribbon worms
  3 dart slugs
  14 orcs
  2 endoplasms (D:1)
  4 giant cockroaches
  6 goblins
  8 hobgoblins
  2 jackals (D:1)
  13 kobolds
  A quokka (D:2)
  14 ball pythons
  2 ball python zombies (Ossuary)
  6 bats
  2 frilled lizards
  4 rats
247 creatures vanquished.

Vanquished Creatures (others)
  An ufetubus (D:6)
  4 kobolds (D:6)
5 creatures vanquished.

Grand Total: 252 creatures vanquished

Notes
Turn   | Place    | Note
-------+----------+-------------------------------------------
     0 | D:1      | jasper the Gnoll Cinder Acolyte began the quest for the
                  | Orb.
     0 | D:1      | Reached XP level 1. HP: 23/23 MP: 4/4
    85 | D:1      | Reached XP level 2. HP: 23/29 MP: 5/5
   364 | D:1      | Reached XP level 3. HP: 35/35 MP: 7/7
   384 | D:1      | Learned a level 2 spell: Scorch
   533 | D:1      | Reached skill level 1 in Invocations
   777 | D:1      | Reached skill level 1 in Short Blades
   777 | D:1      | Reached skill level 1 in Axes
   777 | D:1      | Reached skill level 1 in Maces & Flails
   777 | D:1      | Reached skill level 1 in Polearms
   777 | D:1      | Reached skill level 1 in Staves
   777 | D:1      | Reached skill level 1 in Ranged Weapons
   777 | D:1      | Reached skill level 1 in Throwing
   777 | D:1      | Reached skill level 1 in Armour
   777 | D:1      | Reached skill level 1 in Dodging
   777 | D:1      | Reached skill level 1 in Stealth
   777 | D:1      | Reached skill level 1 in Shields
   777 | D:1      | Reached skill level 1 in Unarmed Combat
   777 | D:1      | Reached skill level 1 in Evocations
  1353 | D:2      | Reached skill level 1 in Shapeshifting
  1353 | D:2      | Reached XP level 4. HP: 41/41 MP: 5/8
  2223 | D:3      | Reached skill level 1 in Conjurations
  2223 | D:3      | Reached skill level 1 in Hexes
  2223 | D:3      | Reached skill level 1 in Summonings
  2223 | D:3      | Reached skill level 1 in Necromancy
  2223 | D:3      | Reached skill level 1 in Translocations
  2223 | D:3      | Reached skill level 1 in Ice Magic
  2223 | D:3      | Reached skill level 1 in Air Magic
  2223 | D:3      | Reached skill level 1 in Earth Magic
  2223 | D:3      | Reached skill level 1 in Alchemy
  2258 | D:2      | HP: 1/41 [gnoll bouda/+0 club (10)]
  2403 | D:2      | Reached XP level 5. HP: 20/47 MP: 2/9
  2982 | D:3      | Found a white marble altar of Elyvilon.
  3092 | D:3      | Found a snail-covered altar of Cheibriados.
  3570 | D:3      | Found a faded altar of an unknown god.
  3815 | D:4      | Found a shimmering altar of Xom.
  4072 | D:4      | Reached XP level 6. HP: 53/53 MP: 4/11
  4395 | D:4      | Found a glowing silver altar of Zin.
  4405 | D:4      | Noticed Eustachio
  4489 | D:4      | Killed Eustachio
  4647 | D:4      | Found an ancient bone altar of Kikubaaqudgha.
  4775 | D:4      | Reached XP level 7. HP: 59/59 MP: 9/12
  4920 | D:4      | Identified the +0 robe "Holyjop" {rElec rC- Str+5}
  5231 | D:4      | Found a runed translucent door.
  5232 | D:4      | Noticed Crazy Yiuf
  5262 | D:4      | Killed Crazy Yiuf
  5408 | D:5      | Entered Level 5 of the Dungeon
  5608 | D:5      | Got the Catalogue of Hexing
  6252 | D:5      | Reached XP level 8. HP: 67/67 MP: 3/14
  6438 | D:5      | Noticed Pikel
  6477 | D:5      | Killed Pikel
  6701 | D:5      | Found a hazy altar of Hepliaklqana.
  7164 | D:6      | Reached XP level 9. HP: 70/73 MP: 5/16
  7283 | D:6      | Reached skill level 5 in Spellcasting
  7351 | D:6      | Noticed Sigmund
  7363 | D:6      | Killed Sigmund
  7866 | D:6      | Reached skill level 5 in Invocations
  8359 | D:6      | Found a shimmering blue altar of Sif Muna.
  8359 | D:6      | Found a sacrificial altar of Ru.
  8872 | D:7      | Found a sand-covered staircase.
  8901 | Ossuary  | Entered an ossuary
  9426 | Ossuary  | Reached skill level 5 in Short Blades
  9426 | Ossuary  | Reached skill level 5 in Axes
  9426 | Ossuary  | Reached skill level 5 in Maces & Flails
  9426 | Ossuary  | Reached skill level 5 in Polearms
  9426 | Ossuary  | Reached skill level 5 in Staves
  9426 | Ossuary  | Reached skill level 5 in Ranged Weapons
  9426 | Ossuary  | Reached skill level 5 in Throwing
  9426 | Ossuary  | Reached skill level 5 in Armour
  9426 | Ossuary  | Reached skill level 5 in Dodging
  9426 | Ossuary  | Reached skill level 5 in Stealth
  9426 | Ossuary  | Reached skill level 5 in Shields
  9426 | Ossuary  | Reached skill level 5 in Unarmed Combat
  9426 | Ossuary  | Reached skill level 5 in Evocations
  9426 | Ossuary  | Reached XP level 10. HP: 81/81 MP: 11/18
 10218 | D:7      | Found an iron altar of Okawaru.
 11085 | D:7      | Identified the +0 ring mail "Vustrost" {Dex+3}
 11115 | D:7      | Found a staircase to the Ecumenical Temple.
 11439 | D:8      | Identified the ring "Caobb" {Fly rPois rCorr}
 11704 | D:8      | Reached skill level 5 in Shapeshifting
 11940 | D:8      | Identified the +0 flail "Jiareru" {flame, ^Contam rN+ rCorr
                  | Dex+7}
 12222 | D:8      | Found a basalt altar of Yredelemnul.
 12222 | D:8      | Found a stormy altar of Qazlal.
 12222 | D:8      | Found a broken altar of Ashenzari.
 13060 | D:9      | Reached skill level 5 in Conjurations
 13060 | D:9      | Reached skill level 5 in Hexes
 13060 | D:9      | Reached skill level 5 in Summonings
 13060 | D:9      | Reached skill level 5 in Necromancy
 13060 | D:9      | Reached skill level 5 in Translocations
 13060 | D:9      | Reached skill level 5 in Ice Magic
 13060 | D:9      | Reached skill level 5 in Air Magic
 13060 | D:9      | Reached skill level 5 in Earth Magic
 13060 | D:9      | Reached skill level 5 in Alchemy
 13062 | D:9      | Reached XP level 11. HP: 74/89 MP: 9/21
 13701 | D:9      | Learned a level 5 spell: Summon Mana Viper
 13715 | D:10     | Entered Level 10 of the Dungeon
 13807 | D:10     | HP: 4/89 [poisoned by a killer bee]
 13807 | D:10     | Slain by a yak

Illustrated notes

Levels and vault maps discovered:
D:1:      scummos_arrival_simple_fountains, layout_basic
D:2:      layout_loops_ring
D:3:      layout_basic, chei_slow_surprise, elyvilon_altar_3,
          nicolae_ecumenical_snake_handling, nrook_mini_backslash
D:4:      layout_loops_corners, mainiacjoe_overflow_cross_hatched, zin_statuary,
          brannock_xom_greatest_gift, uniq_eustachio, uniq_crazy_yiuf_cottage
D:5:      layout_basic, mainiacjoe_overflow_small_starburst,
          minmay_misc_feat_diagonals, uniq_pikel
D:6:      layout_loops_ring, gammafunk_temple_overflow_statue, uniq_sigmund
D:7:      layout_basic, mainiacjoe_overflow_chevrons, minmay_temple_entry_trees,
          enter_ossuary_1, chequers_big_river
D:8:      layout_cave_pools, gammafunk_temple_overflow_claw, serial_ice,
          serial_ice_e, serial_ice_m, serial_ice_g, serial_ice_j, serial_ice_h,
          serial_ice_b
D:9:      layout_basic, special_room [special_room_bee]
D:10:     layout_basic, lemuel_coloured_pillars_altar,
          mainiacjoe_overflow_alcove_4, mainiacjoe_overflow_brackets,
          nemelex_altar_shiori, erik_lair_island, serial_shops, shop,
          enter_bailey_3, gammafunk_ghost_cemetery

Skill      XL: |  1  2  3  4  5  6  7  8  9 10 11 |
---------------+----------------------------------+-----
Invocations    | 1 2 3 4 5 6 7 |  7.0
Short Blades   | 1 2 3 5 6 |  6.3
Axes           | 1 2 3 5 6 |  6.3
Maces & Flails | 1 2 3 5 6 |  6.3
Polearms       | 1 2 3 5 6 |  6.3
Staves         | 1 2 3 5 6 |  6.3
Ranged Weapons | 1 2 3 5 6 |  6.3
Throwing       | 1 2 3 5 6 |  6.3
Armour         | 1 2 3 5 6 |  6.3
Dodging        | 1 2 3 5 6 |  6.3
Stealth        | 1 2 3 5 6 |  6.3
Shields        | 1 2 3 5 6 |  6.3
Unarmed Combat | 1 2 3 5 6 |  6.3
Evocations     | 1 2 3 5 6 |  6.3
Shapeshifting  | 1 2 3 4 5 |  5.8
Spellcasting   | 3 4 5 6 7 |  7.0
Conjurations   | 1 2 3 4 5 |  5.2
Hexes          | 1 2 3 4 5 |  5.2
Summonings     | 1 2 3 4 5 |  5.2
Necromancy     | 1 2 3 4 5 |  5.2
Translocations | 1 2 3 4 5 |  5.2
Ice Magic      | 1 2 3 4 5 |  5.2
Air Magic      | 1 2 3 4 5 |  5.2
Earth Magic    | 1 2 3 4 5 |  5.2
Alchemy        | 1 2 3 4 5 |  5.2
Fighting       | 7 8 9 |  9.2
Long Blades    | 7 8 9 |  9.2
Fire Magic     | 6 7 |  7.7

Action                     |  1- 3 |  4- 6 |  7- 9 | 10-12 || total
---------------------------+-------+-------+-------+-------++-------
  Melee: Falchion          |    38 |    43 |    94 |   200 ||   375
         Bite              |       |     3 |    13 |    31 ||    47
  Throw: Stone             |     3 |       |       |       ||     3
   Cast: Scorch            |    17 |    67 |   177 |   181 ||   442
 Invoke: Fiery Armour      |       |     2 |     1 |     7 ||    10
  Evoke: Wand              |       |       |       |     3 ||     3
    Use: Scroll            |     1 |     4 |     6 |     9 ||    20
         Potion            |       |       |     2 |     4 ||     6
 Armour: Robe              |     8 |       |       |       ||     8
         Leather armour    |     7 |    14 |       |       ||    21
         Ring mail         |       |    71 |   167 |   245 ||   483
  Dodge: Dodged            |    24 |    67 |    80 |   188 ||   359

Table legend: (Time is in decaauts)
 A = Elapsed time spent in this place.
 B = Non-inter-level travel time spent in this place.
 C = Inter-level travel time spent in this place.
 D = Time resting spent in this place.
 E = Time spent auto-exploring this place.
 F = Levels seen in this place.
 G = Mean time per level.
                   A        B        C        D        E       F      G
               +--------+--------+--------+--------+--------+-----+--------+
         Total |  13807 |  13534 |    273 |   1272 |  10464 |  11 | 1255.2 |
       Dungeon |  12477 |  12204 |    273 |   1120 |   9450 |  10 | 1247.7 |
       Ossuary |   1330 |   1330 |      0 |    152 |   1014 |   1 | 1330.0 |
               +--------+--------+--------+--------+--------+-----+--------+

Top non-repeatable levels by time:
     D:5: 1801 daAuts
     D:4: 1648 daAuts
     D:7: 1559 daAuts
     D:9: 1406 daAuts
     D:6: 1361 daAuts
 Ossuary: 1330 daAuts
     D:3: 1300 daAuts
     D:1: 1268 daAuts
     D:2: 1191 daAuts
     D:8: 856 daAuts
    D:10: 84 daAuts
